 Dungeon Crawl Stone Soup version 0.32-a0-791-gfc315c9ecd (webtiles) character file.

Game seed: 12844208489815747544

1906 wilfster70 the Thaumaturge (level 9, -13/65 HPs)
             Began as a Gnoll Hedge Wizard on Mar 20, 2024.
             Killed from afar by an acid dragon (19 damage)
             ... with a splash of acid
             ... on level 6 of the Dungeon.
             The game lasted 00:21:13 (7295 turns).

wilfster70 the Thaumaturge (Gnoll Hedge Wizard)     Turns: 7295, Time: 00:21:13

Health: -13/65     AC:  2    Str: 10    XL:     9   Next: 16%
Magic:  21/21      EV: 13    Int: 18    God:
Gold:   284        SH:  0    Dex: 11    Spells: 12/24 levels left

rFire   . . .        a - +0 dagger (venom)
rCold   . . .        (no shield)
rNeg    . . .        h - +0 robe
rPois   .            f - +2 helmet
rElec   .            p - +0 cloak
rCorr   .            (no gloves)
SInv    .            (no boots)
Will    .....        (no amulet)
Stlth   +++          (no ring)
HPRegen 0.30/turn    (no ring)
MPRegen 0.17/turn

%: no passive effects
@: corroded
A: fangs 1, strong nose, distributed training
a: no special abilities


You were on level 6 of the Dungeon.
You visited 1 branch of the dungeon, and saw 6 of its levels.

You collected 284 gold pieces.

Inventory:

Hand Weapons
 a - a +0 dagger of venom (weapon)
 b - a +0 sling
 n - a +5 morningstar
Missiles
 g - 9 poisoned darts
 j - 2 throwing nets
Armour
 f - a +2 helmet (worn)
 h - a +0 robe (worn)
 p - a +0 cloak (worn)
Jewellery
 i - a ring of flight
 t - a ring of fire
Wands
 c - a wand of flame (21)
 s - a wand of roots (10)
Scrolls
 k - a scroll of poison
 o - a scroll of fear {unknown}
 q - a scroll of enchant armour
 r - a scroll of identify
 v - a scroll of silence {unknown}
 w - a scroll of immolation {unknown}
Potions
 d - a potion of magic
 e - 2 potions of haste
 u - a potion of mutation {unknown}


   Skills:
 + Level 4.1 Fighting
 + Level 4.1 Short Blades
 + Level 4.1 Long Blades
 + Level 4.1 Axes
 + Level 4.1 Maces & Flails
 + Level 4.1 Polearms
 + Level 4.1 Staves
 + Level 4.1 Ranged Weapons
 + Level 4.1 Throwing
 + Level 4.1 Armour
 + Level 6.2 Dodging
 + Level 5.9 Stealth
 + Level 4.1 Shields
 + Level 4.1 Unarmed Combat
 + Level 8.3 Spellcasting
 + Level 4.1 Conjurations
 + Level 3.4 Hexes
 + Level 4.1 Summonings
 + Level 3.4 Necromancy
 + Level 4.1 Translocations
 + Level 3.4 Fire Magic
 + Level 3.4 Ice Magic
 + Level 3.4 Air Magic
 + Level 3.4 Earth Magic
 + Level 3.4 Alchemy
 + Level 4.5 Invocations
 + Level 4.1 Evocations
 + Level 3.7 Shapeshifting


You had 12 spell levels left.
You knew the following spells:

 Your Spells              Type           Power      Damage    Failure   Level
a - Magic Dart            Conj           88%        1d7       1%          1
b - Call Imp              Summ           44%        N/A       2%          2
c - Summon Lightning Spi  Summ/Air       21%        N/A       21%         4
d - Mephitic Cloud        Conj/Alch/Air  20%        N/A       6%          3
g - Blink                 Tloc           44%        N/A       2%          2

Your spell library contained the following spells:

 Spells                   Type           Power      Damage    Failure   Level
 Apportation              Tloc           44%        N/A       1%          1
 Summon Small Mammal      Summ           88%        N/A       1%          1
 Slow                     Hex            76%        N/A       2%          1
 Cigotuvi's Dreadful Rot  Necr/Alch/Air  38%        N/A       3%          2
 Jinxbite                 Hex            38%        N/A       3%          2
 Static Discharge         Conj/Air       42%        3-5/arc   3%          2
 Airstrike                Air            9%         2d(2-18)  24%         4
 Alistair's Intoxication  Alch           12%        N/A       54%         5


Dungeon Overview and Level Annotations

Branches:
Dungeon (6/15)
 Temple: D:4-7

Altars:
Qazlal
Trog
Xom
Yredelemnul

Shops:
D:6 (

Annotations:
D:1 exclusion: 2 downstairs
D:4 exclusion: 2 ogres


Innate Abilities, Weirdness & Mutations

You have very sharp teeth.
Your uncanny sense of smell can sniff out nearby items.
Your experience applies equally to all skills.


Message History

You hit the acid dragon but do no damage.
You bite the acid dragon, but do no damage.
The acid dragon bites you but does no damage.
The acid dragon claws you but does no damage.
You hit the acid dragon but do no damage.
Your bite misses the acid dragon. The acid dragon barely misses you. x2
You hit the acid dragon but do no damage.
The acid dragon closely misses you. The acid dragon claws you.
You closely miss the acid dragon. You closely miss the acid dragon.
You bite the acid dragon, but do no damage.
The acid dragon spits acid at you. The splash of acid hits you!!
The acid corrodes you!
You hit the acid dragon but do no damage.
The acid dragon bites you. The acid dragon closely misses you.
You closely miss the acid dragon.
You bite the acid dragon, but do no damage.
The acid dragon bites you!
* * * LOW HITPOINT WARNING * * *
The acid dragon closely misses you.
You hit the acid dragon but do no damage.
The acid dragon is poisoned.
You feel much better. The acid dragon bites you! The acid dragon claws you.
You barely miss the acid dragon. Your bite misses the acid dragon.
The acid dragon barely misses you. The acid dragon claws you.
You hit the acid dragon but do no damage.
The acid dragon misses you.
The acid dragon claws you but does no damage.
You hit the acid dragon but do no damage.
The acid dragon looks even sicker.
The acid dragon barely misses you. The acid dragon claws you.
You closely miss the acid dragon. Your bite misses the acid dragon.
The acid dragon is lightly wounded.
The acid dragon bites you!
* * * LOW HITPOINT WARNING * * *
The acid dragon claws you.
* * * LOW HITPOINT WARNING * * *
The acid dragon spits acid at you. The splash of acid hits you!!
You die...

#.# #.# #. #.#
#.# #. # #.# #..
#. #.## #.# ###
# #. ....∆ #.#
.# #. ..## #.#
..# #. .... ∆
#.# ...# #. ####
#.##########...#
#.
#.......@.D....#
##
#############..#
# ############.
# .............
####
.############
#..# ..)......#
#..#


You could see an acid dragon (very poisoned, catching breath).

Vanquished Creatures
  Sigmund (D:4)
  A water moccasin (D:6)
  3 black bears
  An ice beast (D:5)
  A phantom (D:5)
  2 howler monkeys
  2 bombardier beetles (D:5)
  2 orc priests (D:6)
  2 hounds
  A jelly (D:5)
  A gnoll bouda (D:5)
  A sleepcap (D:5)
  Jessica (D:3)
  Terence (D:2)
  3 iguanas
  7 orc wizards
  Natasha (thrice) (D:3)
  Robin (D:3)
  9 adders
  4 gnolls
  A white imp (D:6)
  2 ufetubi
  2 dart slugs
  17 orcs
  8 bats
  6 endoplasms
  4 giant cockroaches
  15 goblins
  5 hobgoblins
  5 quokkas
  5 ball pythons
  6 kobolds
  5 rats
128 creatures vanquished.

Vanquished Creatures (collateral kills)
  Grinder (D:4)
  An adder (D:2)
  2 gnolls (D:2)
  An ufetubus (D:6)
  2 endoplasms
  A giant cockroach (D:1)
  A goblin (D:4)
  2 kobolds
  A ball python (D:3)
12 creatures vanquished.

Grand Total: 140 creatures vanquished

Notes
Turn   | Place    | Note
-------+----------+-------------------------------------------
     0 | D:1      | wilfster70 the Gnoll Hedge Wizard began the quest for the
                  | Orb.
     0 | D:1      | Reached XP level 1. HP: 13/13 MP: 8/8
   418 | D:1      | Reached XP level 2. HP: 19/19 MP: 8/10
   483 | D:1      | Learned a level 2 spell: Call Imp
   486 | D:1      | Learned a level 2 spell: Blink
   780 | D:2      | Noticed Terence
  1018 | D:2      | Reached XP level 3. HP: 25/25 MP: 5/11
  1024 | D:2      | Reached skill level 1 in Invocations
  1355 | D:2      | Reached skill level 1 in Fighting
  1355 | D:2      | Reached skill level 1 in Short Blades
  1355 | D:2      | Reached skill level 1 in Long Blades
  1355 | D:2      | Reached skill level 1 in Axes
  1355 | D:2      | Reached skill level 1 in Maces & Flails
  1355 | D:2      | Reached skill level 1 in Polearms
  1355 | D:2      | Reached skill level 1 in Staves
  1355 | D:2      | Reached skill level 1 in Ranged Weapons
  1355 | D:2      | Reached skill level 1 in Throwing
  1355 | D:2      | Reached skill level 1 in Armour
  1355 | D:2      | Reached skill level 1 in Shields
  1355 | D:2      | Reached skill level 1 in Unarmed Combat
  1355 | D:2      | Reached skill level 1 in Evocations
  1563 | D:2      | Reached skill level 1 in Shapeshifting
  1563 | D:2      | Reached XP level 4. HP: 32/32 MP: 7/13
  1590 | D:2      | Reached skill level 1 in Hexes
  1590 | D:2      | Reached skill level 1 in Necromancy
  1590 | D:2      | Reached skill level 1 in Fire Magic
  1590 | D:2      | Reached skill level 1 in Ice Magic
  1590 | D:2      | Reached skill level 1 in Air Magic
  1590 | D:2      | Reached skill level 1 in Earth Magic
  1590 | D:2      | Reached skill level 1 in Alchemy
  1750 | D:2      | Found a shimmering altar of Xom.
  1843 | D:2      | Killed Terence
  1851 | D:2      | Learned a level 4 spell: Summon Lightning Spire
  1892 | D:2      | Reached XP level 5. HP: 37/37 MP: 8/14
  2281 | D:3      | Noticed Robin
  2334 | D:3      | Killed Robin
  2451 | D:3      | Found a faded altar of an unknown god.
  2461 | D:3      | Got Plato's Teachings on Command
  2704 | D:3      | Found a basalt altar of Yredelemnul.
  2736 | D:3      | Found a stormy altar of Qazlal.
  2880 | D:3      | Noticed Natasha
  2892 | D:3      | Killed Natasha
  2948 | D:3      | Noticed Natasha
  2957 | D:3      | Killed Natasha
  2958 | D:3      | Reached XP level 6. HP: 37/44 MP: 14/16
  3010 | D:3      | Noticed Jessica
  3050 | D:3      | Killed Jessica
  3051 | D:3      | Reached skill level 5 in Dodging
  3231 | D:3      | Found a faded altar of an unknown god.
  3264 | D:3      | Noticed Natasha
  3272 | D:3      | Killed Natasha
  3391 | D:4      | Noticed Grinder
  3397 | D:4      | Paralysed by Grinder for 4 turns
  3409 | D:4      | Paralysed by Grinder for 5 turns
  3420 | D:4      | Killed Grinder
  3421 | D:4      | Reached XP level 7. HP: 29/51 MP: 13/18
  3901 | D:4      | Noticed Sigmund
  4272 | D:4      | Killed Sigmund
  4273 | D:4      | Reached skill level 5 in Stealth
  4443 | D:5      | Entered Level 5 of the Dungeon
  4597 | D:5      | Identified the +1 quarterstaff of Toirgh {pain, rF+ Stlth+}
  4692 | D:5      | Learned a level 3 spell: Mephitic Cloud
  4740 | D:5      | Reached XP level 8. HP: 21/58 MP: 7/19
  5156 | D:5      | Found a bloodstained altar of Trog.
  5495 | D:5      | Reached skill level 8 in Spellcasting
  6482 | D:6      | HP: 3/60 [poisoned by a water moccasin]
  6486 | D:6      | Reached XP level 9. HP: 11/65 MP: 21/21
  7218 | D:6      | Found Wituppuu's Weapon Emporium.
  7295 | D:6      | Killed from afar by an acid dragon

Illustrated notes

Levels and vault maps discovered:
D:1:      dpeg_arrival_yet_another_circle, layout_basic,
          hangedman_abyss_or_decor_stabs
D:2:      layout_rooms, serial_rivers, chequers_serial_rivers_small_a,
          chequers_serial_rivers_room_a, chequers_serial_rivers_large_b,
          chequers_serial_rivers_small_b, chequers_serial_rivers_large_a,
          basic_altar, uniq_terence
D:3:      layout_rooms, mainiacjoe_overflow_large_starburst,
          shapermc_ecumenical_altar_rom_forum, minmay_misc_feat_room,
          roderic_batcave, serial_bayou_lagoon_a, uniq_jessica, uniq_natasha,
          uniq_robin
D:4:      layout_loops_cross, uniq_sigmund, uniq_grinder
D:5:      minmay_inner_zag, layout_loops_ring, mainiacjoe_overflow_24_doors
D:6:      layout_loops_ring, minmay_temple_entry_from_below_b, serial_shops,
          nicolae_shop_temple_entry_statues_fountains,
          nicolae_houndstooth_variations

Skill      XL: |  1  2  3  4  5  6  7  8  9 |
---------------+----------------------------+-----
Conjurations   | 2 3 4 |  4.1
Summonings     | 2 3 4 |  4.1
Translocations | 2 3 4 |  4.1
Invocations    | 1 2 3 4 |  4.5
Fighting       | 1 2 3 4 |  4.1
Short Blades   | 1 2 3 4 |  4.1
Long Blades    | 1 2 3 4 |  4.1
Axes           | 1 2 3 4 |  4.1
Maces & Flails | 1 2 3 4 |  4.1
Polearms       | 1 2 3 4 |  4.1
Staves         | 1 2 3 4 |  4.1
Ranged Weapons | 1 2 3 4 |  4.1
Throwing       | 1 2 3 4 |  4.1
Armour         | 1 2 3 4 |  4.1
Shields        | 1 2 3 4 |  4.1
Unarmed Combat | 1 2 3 4 |  4.1
Evocations     | 1 2 3 4 |  4.1
Shapeshifting  | 1 2 3 |  3.7
Hexes          | 1 2 3 |  3.4
Necromancy     | 1 2 3 |  3.4
Fire Magic     | 1 2 3 |  3.4
Ice Magic      | 1 2 3 |  3.4
Air Magic      | 1 2 3 |  3.4
Earth Magic    | 1 2 3 |  3.4
Alchemy        | 1 2 3 |  3.4
Dodging        | 5 6 |  6.2
Stealth        | 5 |  5.9
Spellcasting   | 8 |  8.3

Action                     |  1- 3 |  4- 6 |  7- 9 || total
---------------------------+-------+-------+-------++-------
  Melee: Dagger            |     7 |    97 |   336 ||   440
         Bite              |     2 |    12 |    44 ||    58
         Morningstar       |       |       |     3 ||     3
   Fire: Sling             |    21 |     7 |       ||    28
   Cast: Magic Dart        |    61 |    45 |    32 ||   138
         Call Imp          |     5 |     8 |     8 ||    21
         Blink             |       |     1 |       ||     1
         Mephitic Cloud    |       |       |     3 ||     3
  Evoke: Wand              |       |     3 |       ||     3
    Use: Scroll            |       |    11 |     2 ||    13
         Potion            |       |     2 |     4 ||     6
   Stab: Distracted        |       |     1 |     1 ||     2
         Sleeping          |       |       |     4 ||     4
 Armour: Robe              |    24 |    81 |   249 ||   354
         Skin              |       |     5 |       ||     5
  Dodge: Dodged            |    20 |    68 |   229 ||   317

Table legend: (Time is in decaauts)
 A = Elapsed time spent in this place.
 B = Non-inter-level travel time spent in this place.
 C = Inter-level travel time spent in this place.
 D = Time resting spent in this place.
 E = Time spent auto-exploring this place.
 F = Levels seen in this place.
 G = Mean time per level.
                   A        B        C        D        E       F      G
               +--------+--------+--------+--------+--------+-----+--------+
         Total |   7303 |   7103 |    200 |   2389 |   2408 |   6 | 1217.2 |
       Dungeon |   7303 |   7103 |    200 |   2389 |   2408 |   6 | 1217.2 |
               +--------+--------+--------+--------+--------+-----+--------+

Top non-repeatable levels by time:
     D:5: 1748 daAuts
     D:2: 1266 daAuts
     D:3: 1167 daAuts
     D:1: 1061 daAuts
     D:6: 1051 daAuts
     D:4: 1007 daAuts
